 Dungeon Crawl Stone Soup version 0.22-a0-877-g5c4e1af (webtiles) character file.

2748 KristoblXynda the Covert (level 9, 0/73 HPs)
             Began as a Naga Gladiator on July 29, 2018.
             Was a Priest of Cheibriados.
             Succumbed to a killer bee's poison
             ... on level 7 of the Dungeon.
             The game lasted 00:14:55 (7858 turns).

KristoblXynda the Covert (Naga Gladiator)           Turns: 7858, Time: 00:14:55

Health: 0/73       AC:  9    Str: 26    XL:     9   Next: 68%
Magic:  14/18      EV: 13    Int: 17    God:    Cheibriados [***...]
Gold:   430        SH:  0    Dex: 22    Spells: 8/8 levels left

rFire    . . .     SeeInvis +   n - +1 flail (crush)
rCold    + . .     Gourm    .   (no shield)
rNeg     . . .     Faith    .   g - +0 ring mail
rPois    +         Spirit   .   c - +0 helmet
rElec    .         Reflect  .   p - +0 cloak
rCorr    .         Harm     .   (no gloves)
MR       +....                  (no barding)
Stlth    ++++......             (no amulet)
HPRegen  0.22/turn              s - ring of magical power
MPRegen  0.16/turn              x - ring of protection from cold

@: lethally poisoned (0 -> -6), very slow
A: large, see invisible, deformed body, poison resistance, slowness 2, slow
metabolism 1, spit poison 1, AC +3
a: Spit Poison, Bend Time, Temporal Distortion, Renounce Religion


You were on level 7 of the Dungeon.
You worshipped Cheibriados.
Cheibriados was most pleased with you.
You were completely stuffed.

You visited 2 branches of the dungeon, and saw 8 of its levels.

You collected 430 gold pieces.

Inventory:

Hand Weapons
 n - a +1 flail of crushing (weapon)
 y - a +3 dire flail
Missiles
 d - 3 throwing nets (quivered)
Armour
 c - a +0 helmet (worn)
 g - a +0 ring mail (worn)
 p - a +0 cloak (worn)
Jewellery
 s - a ring of magical power (left hand)
 x - a ring of protection from cold (right hand)
Wands
 h - a wand of paralysis (15)
Scrolls
 i - a scroll of amnesia
 o - 3 scrolls of enchant weapon
 q - a scroll of enchant armour
 r - 3 scrolls of teleportation
 w - a scroll of magic mapping
Potions
 a - 2 potions of flight
 j - 2 potions of haste
 u - a potion of might
 A - a potion of brilliance {unknown}
Comestibles
 f - 11 rations


   Skills:
 - Level 2.0 Fighting
 + Level 7.2 Maces & Flails
 - Level 2.2 Throwing
 + Level 5.1 Armour
 + Level 6.0 Dodging
 + Level 9.7 Stealth


You had 8 spell levels left.
You didn't know any spells.
Your spell library was empty.

Dungeon Overview and Level Annotations

Branches:
Dungeon (7/15)             Temple (1/1) D:4

Altars:
Ashenzari
Cheibriados
Dithmenos
Fedhas
Gozag
Hepliaklqana
Kikubaaqudgha
Makhleb
Nemelex Xobeh
Okawaru
Qazlal
Ru
Sif Muna
Trog
Uskayaw
Vehumet
Wu Jian
Yredelemnul
Zin
The Shining One
Lugonu


Innate Abilities, Weirdness & Mutations

You cannot wear boots.
Your serpentine skin is tough. (AC +3)
You have supernaturally acute eyesight. (SInv)
Armour fits poorly on your strangely shaped body.
Your system is resistant to poisons. (rPois)
You cover ground very slowly.
You have a slow metabolism.
You can spit poison.


Message History

Cheibriados appreciates the change of pace.
You feel somewhat more hungry.
You can no longer inflict damage on those overly hasty.
Cheibriados lowers the support of your attributes as your movement quickens.
* * * LOW HITPOINT WARNING * * *
You feel sick.
Unknown command.
There is a lethal amount of poison in your body!
There is a lethal amount of poison in your body!
There is a lethal amount of poison in your body!
* * * LOW HITPOINT WARNING * * *
You feel sick.
You eat one of the 14 rations.
That ration really hit the spot!
You eat one of the 13 rations.
That ration really hit the spot!
* * * LOW HITPOINT WARNING * * *
You feel sick.
You eat one of the 12 rations.
That ration really hit the spot!
* * * LOW HITPOINT WARNING * * *
You feel sick.
You die...

#.#..###.#.#.#...
#.#..#.....#.#.#####
#....#.#...#.#..>...
#....#.#............
#..........#.#.?.y.
#...##.#.#.......
#........#.#.#.###
......#.###.#.....#
######.#.@)......#
#.####).......... .#
#.......§....
#....§§§.§...
.....≈§§§.§≈..
####..≈≈##≈≈#≈$
...≈#≈ ≈≈# ≈
##$..+§§.≈§


There were no monsters in sight!

Vanquished Creatures
  A manticore (D:6)
  Eustachio (D:6)
  2 sky beasts
  2 black bears (D:6)
  An ogre (D:6)
  2 phantoms
  3 centaurs
  5 killer bees (D:7)
  3 scorpions
  4 wights (D:7)
  2 crimson imps
  A bullfrog zombie (D:5)
  A jelly (D:5)
  A bullfrog skeleton (D:6)
  2 orc priests (D:7)
  Crazy Yiuf (D:3)
  2 hounds
  4 orc wizards
  2 iguanas
  An iron imp (D:4)
  Natasha (D:2)
  3 worker ants
  A killer bee zombie (D:7)
  A worker ant zombie (D:7)
  3 gnolls (D:7)
  8 adders
  A shadow imp (D:6)
  A worm (D:3)
  2 dart slugs
  2 leopard geckos
  16 orcs
  3 bats
  4 giant cockroaches
  7 goblins
  7 hobgoblins
  12 jackals
  5 kobolds
  2 quokkas
  A ball python (D:4)
  8 frilled lizards
  2 gnoll zombies (D:4)
  9 rats
140 creatures vanquished.

Notes
Turn   | Place    | Note
-------+----------+-------------------------------------------
     0 | D:1      | KristoblXynda the Naga Gladiator began the quest for the Orb.
     0 | D:1      | Reached XP level 1. HP: 19/19 MP: 1/1
   254 | D:1      | You fall through a shaft!
   265 | D:2      | Reached XP level 2. HP: 25/26 MP: 2/2
   584 | D:2      | Found an opulent altar of Gozag.
   923 | D:1      | Reached XP level 3. HP: 28/32 MP: 3/3
  1325 | D:2      | Found a hide-covered altar of Uskayaw.
  1325 | D:2      | Noticed Natasha
  1332 | D:2      | Killed Natasha
  1332 | D:2      | Reached skill level 1 in Stealth
  1358 | D:2      | Reached XP level 4. HP: 14/39 MP: 4/4
  1896 | D:2      | Found a hazy altar of Hepliaklqana.
  1896 | D:2      | Found a snail-covered altar of Cheibriados.
  2190 | D:2      | Became a worshipper of Cheibriados the Contemplative
  2246 | D:3      | Found an ornate altar of the Wu Jian Council.
  2256 | D:3      | Reached skill level 1 in Armour
  2256 | D:3      | Reached skill level 2 in Stealth
  2463 | D:3      | Found a shattered altar of Ashenzari.
  2536 | D:3      | Reached * piety under Cheibriados
  2538 | D:3      | Reached XP level 5. HP: 41/45 MP: 5/5
  2695 | D:3      | Found a faded altar of an unknown god.
  2844 | D:3      | Found a runed door.
  2882 | D:3      | Noticed Crazy Yiuf
  2890 | D:3      | Killed Crazy Yiuf
  2890 | D:3      | Reached skill level 3 in Stealth
  3093 | D:4      | Found a staircase to the Ecumenical Temple.
  3140 | D:4      | Reached XP level 6. HP: 12/52 MP: 6/6
  3162 | D:4      | Noticed a phantom
  3182 | D:4      | Killed a phantom
  3182 | D:4      | Reached skill level 4 in Stealth
  3194 | D:4      | Found a sand-covered staircase.
  3415 | D:4      | Found a burning altar of Makhleb.
  3583 | Temple   | Entered the Ecumenical Temple
  3729 | D:4      | Found a basalt altar of Yredelemnul.
  4001 | D:4      | Found a blossoming altar of Fedhas.
  4083 | D:4      | Found a deep blue altar of Sif Muna.
  4216 | D:5      | Entered Level 5 of the Dungeon
  4234 | D:5      | Noticed a sky beast
  4244 | D:5      | Killed a sky beast
  4244 | D:5      | Reached skill level 5 in Stealth
  4244 | D:5      | Reached XP level 7. HP: 46/60 MP: 7/7
  4312 | D:5      | Found a glowing silver altar of Zin.
  4316 | D:5      | Reached ** piety under Cheibriados
  5078 | D:5      | Reached skill level 5 in Maces & Flails
  5179 | D:5      | Found a sacrificial altar of Ru.
  5204 | D:5      | Reached skill level 6 in Stealth
  5363 | D:6      | Reached XP level 8. HP: 44/67 MP: 8/8
  5376 | D:6      | Noticed a manticore
  5719 | D:6      | Noticed Eustachio
  5758 | D:6      | Killed Eustachio
  5758 | D:6      | Reached skill level 7 in Stealth
  6199 | D:6      | Found an iron altar of Okawaru.
  6246 | D:6      | Killed a manticore
  6246 | D:6      | Reached skill level 5 in Dodging
  6246 | D:6      | Reached skill level 8 in Stealth
  6246 | D:6      | Reached XP level 9. HP: 25/73 MP: 9/9
  6682 | D:6      | Reached *** piety under Cheibriados
  7471 | D:7      | Reached skill level 9 in Stealth
  7812 | D:7      | Found a stormy altar of Qazlal.
  7814 | D:7      | Reached **** piety under Cheibriados
  7827 | D:7      | Reached skill level 5 in Armour
  7853 | D:7      | HP: 3/73 [poisoned by a killer bee]
  7856 | D:7      | HP: 1/73 [poisoned by a killer bee]
  7858 | D:7      | Succumbed to a killer bee's poison

Vault maps used:
D:1:      minmay_arrival_four_houses
D:2:      eat_drink_and_be_merry_uskayaw, nicolae_overflow_crystal_walls,
          gammafunk_temple_overflow_wave, minmay_crystal_water,
          minmay_misc_feat_diagonals, hangedman_decor_growths,
          guppyfry_early_lair_pool, uniq_natasha
D:3:      lemuel_round_altar, overflow_temple_1_default,
          chequers_ecumenical_altar_twisty, uniq_crazy_yiuf_cottage
D:4:      lemuel_zombie_altar_yredelemnul, makhleb_grotto_becter,
          fedhas_altar_3, minmay_temple_entry_overgrown, enter_ossuary_5,
          first_ration, lemuel_blue_sif_altar
D:5:      kennysheep_mini_moat, nicolae_ru_the_path_less_chosen
D:6:      okawaru_metal_pillars_1_2, minmay_misc_feat_five, uniq_eustachio
D:7:      nicolae_qazlal_general_emergency, the_bakery, minmay_strange_pillars
Temple:   corrupted_temple

Skill      XL: |  1  2  3  4  5  6  7  8  9 |
---------------+----------------------------+-----
Throwing       | 2 |  2.2
Stealth        | 1 2 3 5 6 8 9 |  9.7
Armour         | 1 2 3 4 5 |  5.1
Dodging        | 3 4 5 6 |  6.0
Maces & Flails | 4 5 6 7 |  7.2
Fighting       | |  2.0

Action                   |  1- 3 |  4- 6 |  7- 9 || total
-------------------------+-------+-------+-------++-------
Melee: Flail             |    74 |   177 |   266 ||   517
       Dire flail        |       |       |    14 ||    14
Invok: Slouch            |       |       |     1 ||     1
 Abil: Spit Poison       |     4 |     9 |    14 ||    27
  Use: Scroll            |       |     8 |     9 ||    17
       Potion            |       |     2 |     5 ||     7
 Stab: Sleeping          |       |     2 |     9 ||    11
  Eat: Chunk             |     1 |     1 |     3 ||     5
       Ration            |       |     2 |     4 ||     6
Armor: Leather armour    |     7 |       |       ||     7
       Ring mail         |    13 |    73 |    90 ||   176
       Skin              |       |       |    22 ||    22
Dodge: Dodged            |    39 |    97 |   223 ||   359

Table legend:
 A = Spawn XP
 B = Non-spawn XP
 C = Spawn XP percentage of total XP
 D = Spawn monster count
 E = Non-spawn monster count
 F = Spawn count percentage of total count
 G = Total turns spent on level
                    A         B        C        D         E        F      G
               +---------+---------+-------+---------+---------+-------+---------
         Total |       0 |    3926 |   0.0 |       0 |     140 |   0.0 |  7858
               +---------+---------+-------+---------+---------+-------+---------
           D:1 |       0 |      23 |   0.0 |       0 |      15 |   0.0 |   942
           D:2 |       0 |      67 |   0.0 |       0 |      20 |   0.0 |  1259
           D:3 |       0 |     144 |   0.0 |       0 |      20 |   0.0 |   855
           D:4 |       0 |     367 |   0.0 |       0 |      14 |   0.0 |  1414
           D:5 |       0 |     490 |   0.0 |       0 |      16 |   0.0 |   810
           D:6 |       0 |    1433 |   0.0 |       0 |      25 |   0.0 |  1678
           D:7 |       0 |    1402 |   0.0 |       0 |      30 |   0.0 |   858
               +---------+---------+-------+---------+---------+-------+---------
